 Dungeon Crawl Stone Soup version 0.22-a0-293-gc9362ec (webtiles) character file.

24 Amnesiac the Magician (level 2, 0/16 HPs)
             Began as a Deep Elf Wizard on Mar 24, 2018.
             Succumbed to an adder's poison
             ... on level 2 of the Dungeon.
             The game lasted 00:00:43 (526 turns).

Amnesiac the Magician (Deep Elf Wizard)              Turns: 526, Time: 00:00:44

Health: 0/16       AC:  2    Str:  4    XL:     2   Next: 79%
Magic:  1/9        EV: 13    Int: 22    God:
Gold:   53         SH:  0    Dex: 13    Spells: 5/10 levels left

rFire    . . .     SeeInvis +   j - -1 mace (curse)
rCold    . . .     Gourm    .   (no shield)
rNeg     . . .     Faith    .   a - +0 robe
rPois    .         Spirit   .   b - +0 hat
rElec    .         Reflect  .   (no cloak)
rCorr    .         Harm     .   (no gloves)
MR       .....                  (no boots)
Stlth    ++........             (no amulet)
HPRegen  0.05/turn              g - ring of see invisible
MPRegen  0.11/turn              (no ring)

@: lethally poisoned (0 -> -11), very slightly contaminated, invisible
A: no striking features
a: no special abilities


You were on level 2 of the Dungeon.
You were not hungry.

You visited 1 branch of the dungeon, and saw 2 of its levels.

You collected 53 gold pieces.

Inventory:

Hand Weapons
 j - a cursed -1 mace (weapon)
Armour
 a - a +0 robe (worn)
 b - a +0 hat (worn)
Jewellery
 g - a ring of see invisible (left hand)
Scrolls
 e - a scroll of teleportation {!r}
Comestibles
 c - 4 chunks of flesh
 d - 3 rations


   Skills:
 + Level 1.0 Fighting
 - Level 2.4 Dodging
 - Level 2.4 Stealth
 - Level 4.5 Spellcasting
 * Level 2.5 Conjurations
 - Level 1.1 Summonings
 - Level 1.1 Translocations


You had 5 spell levels left.
You knew the following spells:

 Your Spells              Type           Power        Failure   Level  Hunger
a - Magic Dart            Conj           ###.         3%          1    None
b - Call Imp              Summ           #.......     11%         2    #......
v - Blink                 Tloc           N/A          11%         2    #......


Dungeon Overview and Level Annotations

Branches:
Dungeon (2/15)

Altars:


Message History

You feel sick. The adder closely misses you.
Casting: Magic Dart (safe; 4% risk of failure)
Confirm with . or Enter, or press ? or * to list all spells.
Aiming: Magic Dart (safe; 4% risk of failure)
Press: ? - help, Shift-Dir - straight line, f/p - adder
Aim: an adder (moderately wounded)
The magic dart hits the adder.
The adder is severely wounded.
The adder misses you.
Casting: Magic Dart (safe; 4% risk of failure)
Confirm with . or Enter, or press ? or * to list all spells.
Aiming: Magic Dart (safe; 4% risk of failure)
Press: ? - help, Shift-Dir - straight line, f/p - adder
Aim: an adder (severely wounded)
The magic dart hits the adder.
The adder is severely wounded.
The adder bites you.
* * * LOW HITPOINT WARNING * * *
Casting: Magic Dart (safe; 4% risk of failure)
Confirm with . or Enter, or press ? or * to list all spells.
Aiming: Magic Dart (safe; 4% risk of failure)
Press: ? - help, Shift-Dir - straight line, f/p - adder
Aim: an adder (severely wounded)
The magic dart hits the adder.
The adder is severely wounded.
You feel sick. The adder closely misses you. The adder bites you.
* * * LOW HITPOINT WARNING * * *
Casting: Magic Dart (safe; 4% risk of failure)
Confirm with . or Enter, or press ? or * to list all spells.
Aiming: Magic Dart (safe; 4% risk of failure)
Press: ? - help, Shift-Dir - straight line, f/p - adder
Aim: an adder (severely wounded)
The magic dart hits the adder.
The adder is severely wounded.
The adder bites you.
* * * LOW HITPOINT WARNING * * *
You are more poisoned.
The adder poisons you!
Casting: Magic Dart (safe; 4% risk of failure)
Confirm with . or Enter, or press ? or * to list all spells.
Aiming: Magic Dart (safe; 4% risk of failure)
Press: ? - help, Shift-Dir - straight line, f/p - adder
Aim: an adder (severely wounded)
The magic dart hits the adder.
You kill the adder!
Your Fighting skill increases to level 1!
* * * LOW HITPOINT WARNING * * *
You feel sick.
Casting: Magic Dart (safe; 3% risk of failure)
Confirm with . or Enter, or press ? or * to list all spells.
You can't see any susceptible monsters within range! (Use Z to cast anyway.)
Casting: Magic Dart (safe; 3% risk of failure)
Confirm with . or Enter, or press ? or * to list all spells.
You can't see any susceptible monsters within range! (Use Z to cast anyway.)
Casting: Magic Dart (safe; 3% risk of failure)
Confirm with . or Enter, or press ? or * to list all spells.
You can't see any susceptible monsters within range! (Use Z to cast anyway.) Really quaff
h - a green potion {!q}? [Y]es or [N]o only, please.
Really quaff
h - a green potion {!q}?
It was a potion of invisibility {!q}.
You fade into invisibility!
You are very lightly contaminated with residual magic.
You die...

..... .%..
....# .....
....# .?..#
.....
.....####....#
.....
#.....!.....#
.....
#...........
...(.
#........
....# #......#
..$.# #....@.#
... #......#
#......#
#........#
#........#
#........#
###......#
#......#
######.#


There were no monsters in sight!

Vanquished Creatures
  An adder (D:2)
  3 bats (D:1)
  A giant cockroach (D:1)
  2 goblins (D:1)
  2 hobgoblins (D:1)
  A frilled lizard (D:1)
  3 kobolds (D:1)
  2 rats (D:1)
15 creatures vanquished.

Notes
Turn   | Place    | Note
-------+----------+-------------------------------------------
     0 | D:1      | Amnesiac the Deep Elf Wizard began the quest for the Orb.
     0 | D:1      | Reached XP level 1. HP: 10/10 MP: 7/7
   241 | D:1      | Reached XP level 2. HP: 16/16 MP: 5/9
   245 | D:1      | Learned a level 2 spell: Blink
   248 | D:1      | Learned a level 2 spell: Call Imp
   524 | D:2      | Reached skill level 1 in Fighting
   526 | D:2      | Succumbed to an adder's poison

Vault maps used:
D:1:      lightli_arrival_boilingwater
D:2:      grunt_temple_overflow_holy_war, overflow_temple_1_default,
          lemuel_blue_sif_altar, minmay_mini_jars

Skill      XL: |  1  2 |
---------------+-------+-----
Conjurations   | 2 |  2.5
Fighting       | 1 |  1.0
Dodging        | |  2.4
Stealth        | |  2.4
Spellcasting   | |  4.5
Summonings     | |  1.1
Translocations | |  1.1

Action                   || total
-------------------------++-------
 Cast: Magic Dart        ||    38
  Use: Scroll            ||     3
       Potion            ||     1
Armor: Robe              ||     3
Dodge: Dodged            ||     3

Table legend:
 A = Spawn XP
 B = Non-spawn XP
 C = Spawn XP percentage of total XP
 D = Spawn monster count
 E = Non-spawn monster count
 F = Spawn count percentage of total count
 G = Total turns spent on level
                    A         B        C        D         E        F      G
               +---------+---------+-------+---------+---------+-------+---------
         Total |       0 |      35 |   0.0 |       0 |      15 |   0.0 |   526
               +---------+---------+-------+---------+---------+-------+---------
           D:1 |       0 |      22 |   0.0 |       0 |      14 |   0.0 |   512
           D:2 |       0 |      13 |   0.0 |       0 |       1 |   0.0 |    14
               +---------+---------+-------+---------+---------+-------+---------
